 Dungeon Crawl Stone Soup version 0.21.0-25-ge575cb9 (webtiles) character file.

109 tidbits the Insei (level 4, 0/34 HPs)
             Began as a Gnoll Transmuter on Jan 24, 2018.
             Slain by a spriggan baker
             ... wielding a +0 dagger
              (7 damage)
             ... on level 7 of the Dungeon.
             The game lasted 00:05:57 (450 turns).

tidbits the Insei (Gnoll Transmuter)                 Turns: 450, Time: 00:05:58

Health: 0/34       AC:  2    Str: 12    XL:     4   Next: 89%
Magic:  4/11       EV: 23    Int: 17    God:
Gold:   67         SH:  0    Dex: 20    Spells: 3/13 levels left

rFire    . . .     SeeInvis .     - Unarmed
rCold    . . .     Gourm    .   (shield currently unavailable)
rNeg     . . .     Faith    .   (armour currently unavailable)
rPois    x         Spirit   .   (helmet currently unavailable)
rElec    .         Reflect  .   (cloak currently unavailable)
rCorr    .         Harm     +   (gloves currently unavailable)
MR       .....                  (boots currently unavailable)
Stlth    ++........             h - amulet of harm
HPRegen  0.11/turn              (no ring)
MPRegen  0.12/turn              (no ring)

@: spider-form (expiring)
A: tiny, distributed training, strong nose
a: End Transformation


You were on level 7 of the Dungeon.
You were full.
You were a venomous arachnid creature.
You visited 1 branch of the dungeon, and saw 5 of its levels.

You collected 67 gold pieces.

Inventory:

Hand Weapons
 d - a +0 dagger
 l - a +0 short sword
Missiles
 a - 37 arrows
Armour
 b - a +0 robe
 B - a +0 leather armour (melded)
 F - a +0 pair of boots (melded)
Jewellery
 h - an amulet of harm (around neck)
   (You found it on level 3 of the Dungeon)
Wands
 i - a wand of polymorph (11)
Scrolls
 g - a scroll of fog
Books
 c - a book of Changes

   Spells                             Type                      Level
   a - Beastly Appendage              Transmutation                1
   b - Sticks to Snakes               Transmutation                2
   c - Spider Form                    Transmutation/Poison         3
   d - Ice Form                       Ice/Transmutation            4
   e - Blade Hands                    Transmutation                5
 j - a book of Misfortune
   (You found it on level 3 of the Dungeon)

   Spells                             Type                      Level
   a - Confusing Touch                Hexes                        1
   b - Confuse                        Hexes                        3
   c - Gell's Gravitas                Translocation                3
   d - Petrify                        Transmutation/Earth          4
   e - Metabolic Englaciation         Hexes/Ice                    5
   f - Yara's Violent Unravelling     Hexes/Transmutation          5
Comestibles
 f - 5 rations


   Skills:
 + Level 2.8 Fighting
 + Level 1.2 Short Blades
 + Level 1.2 Long Blades
 + Level 1.2 Axes
 + Level 1.2 Maces & Flails
 + Level 1.2 Polearms
 + Level 1.2 Staves
 + Level 1.2 Slings
 + Level 1.2 Bows
 + Level 1.2 Crossbows
 + Level 1.2 Throwing
 + Level 1.2 Armour
 + Level 4.7 Dodging
 + Level 1.2 Stealth
 + Level 1.2 Shields
 + Level 6.6 Unarmed Combat
 + Level 5.1 Spellcasting
 + Level 1.0 Conjurations
 + Level 1.0 Hexes
 + Level 1.0 Charms
 + Level 1.0 Summonings
 + Level 1.0 Necromancy
 + Level 1.0 Translocations
 + Level 3.9 Transmutations
 + Level 1.0 Fire Magic
 + Level 1.0 Ice Magic
 + Level 1.0 Air Magic
 + Level 1.0 Earth Magic
 + Level 1.0 Poison Magic
 + Level 1.3 Invocations
 + Level 1.2 Evocations


You had 3 spell levels left.
You knew the following spells:

 Your Spells              Type           Power        Failure   Level  Hunger
c - Confuse               Hex            #.......     50%         3    ###....
e - Beastly Appendage     Tmut           ###...       10%         1    None
k - Sticks to Snakes      Tmut           ###.....     13%         2    #......
p - Spider Form           Tmut/Pois      ##........   34%         3    ###....
t - Confusing Touch       Hex            #.....       24%         1    None


Dungeon Overview and Level Annotations

Branches:
Dungeon (7/15)
 Temple: D:4-7

Altars:
Uskayaw

Annotations:
D:7 exclusion: black bear


Innate Abilities, Weirdness & Mutations

Your experience applies equally to all skills.
((You have very sharp teeth.))
Your uncanny sense of smell can sniff out nearby items.


Message History

Items here: )) [ †† a flail; a leather armour; a short sword; an orc corpse; a scorpion corpse
l - a short sword;
m - a leather armour Butcher an orc corpse? [(y)es/(c)hoosy/(n)o/(a)ll/(e)dible/(q)uit/?]
Butcher a scorpion corpse? [(y)es/(c)hoosy/(n)o/(a)ll/(e)dible/(q)uit/?]
There isn't anything else to butcher here.
Butcher an orc corpse? [(y)es/(c)hoosy/(n)o/(a)ll/(e)dible/(q)uit/?]
Butcher a scorpion corpse? [(y)es/(c)hoosy/(n)o/(a)ll/(e)dible/(q)uit/?]
Okay, then.
You butcher the orc corpse.
Things that are here:
a flail; 4 chunks of flesh; a scorpion corpse Unknown command.
Wear which item? (? for menu, Esc to quit)
You start removing your armour.
You continue taking off your +0 robe.
You feel sick.
You are no longer poisoned.
You continue taking off your +0 robe. x3
You finish taking off your +0 robe.
You start putting on your armour.
You continue putting on your leather armour. x5
Your adder withers and dies!
You finish putting on your +0 leather armour.
Adjust (i)tems, (s)pells, or (a)bilities?
Adjust which item? (? for menu, Esc to quit)
m - a +0 leather armour (worn)
Adjust to which letter? (? for menu, Esc to quit)
B - a +0 leather armour (worn)
Drop what? 14/52 slots (_ for help) (? for menu, Esc to quit)
Okay, then.
You open the door.
Your transformation is almost over.
Found a scroll labeled NAWIOPL ZO AFUSCH.
There is an open door here.
You see here a scroll labeled NAWIOPL ZO AFUSCH.
m - a scroll labeled NAWIOPL ZO AFUSCH You fall through a shaft for 3 floors!
The shaft crumbles and collapses.
Your horns disappear.
A black bear comes into view.
Press: ? - help, v - describe, . - travel
Here: a black bear (resting)
The floor.
Placed new exclusion.
The black bear growls angrily.
Okay, then.
Okay, then.
As you read the scroll labeled JAJERPH ACYF, it crumbles to dust.
It is a scroll of amnesia.
Okay, then.
Unknown command.
As you read the scroll labeled SIPTOBL LOXAST, it crumbles to dust.
You feel blessed for a moment.
It was a scroll of remove curse.
As you read the scroll labeled NAWIOPL ZO AFUSCH, it crumbles to dust.
You feel strangely unstable.
It was a scroll of teleportation.
Your surroundings suddenly seem different.
An orc comes into view. It is wielding a short sword.
The orc shouts!
You hear a shout!
Memorise Confuse, consuming 3 spell levels and leaving 3?
You start memorising the spell.
You continue memorising. x3
You finish memorising.
Spell assigned to 'c'.
Casting: Sticks to Snakes
Confirm with . or Enter, or press ? or * to list all spells.
You turn into a venomous arachnid creature.
Your +0 pair of boots melds into your body.
Your +0 leather armour melds into your body.
The orc completely misses you.
You bite the orc!
You kill the orc!
Things that are here:
a short sword; a scale mail; an orc corpse
Found a hide-covered altar of Uskayaw.
You open the door.
A spriggan baker comes into view. It is wielding a dagger.
The spriggan baker shouts!
The spriggan baker picks up a scroll labeled TEVEISTRUIX.
Found 4 rations.
Casting: Spider Form
Confirm with . or Enter, or press ? or * to list all spells.
You create a snake!
You now have 37 arrows.
The spriggan baker hits you with a dagger.
* * * LOW HITPOINT WARNING * * *
The spriggan baker hits your water moccasin with a dagger.
Your transformation is almost over.
Your water moccasin bites the spriggan baker.
What are your orders? t - Hiss!
Orders for allies: a - Attack new target. r - Retreat! s - Stop attacking. g - Guard the area. f - Follow me.
Anything else - Cancel.
Gang up on whom?
Press: ? - help, Dir - move target cursor, f - spriggan baker
Aim: a spriggan baker, wielding a dagger and wearing a robe (lightly wounded) Attack!
Your water moccasin closely misses the spriggan baker.
Your water moccasin barely misses the spriggan baker.
An orc priest comes into view. It is wielding a hand axe of freezing.
The spriggan baker hits you with a dagger.
You die...

# #..o###### ._o
..###...# %%# ....
........# ##.# #....
##......# ..##..#..
###....####'#......
....................
.......##..S........
......# ##)i........
###... #.s........
#..# ##.........
.... #.....##.. ....
#.....# . .....##
.....# ......#
.....##


You could see a spriggan baker and a friendly water moccasin.

Vanquished Creatures
  An orc priest (D:4)
  A dart slug (D:1)
  2 orcs
  A bat (D:1)
  A giant cockroach (D:4)
  3 goblins
  3 hobgoblins
  2 kobolds
  3 frilled lizards
17 creatures vanquished.

Vanquished Creatures (collateral kills)
  A scorpion (D:4)
  A howler monkey (D:4)
  A giant cockroach (D:4)
3 creatures vanquished.

Grand Total: 20 creatures vanquished

Notes
Turn   | Place    | Note
-------+----------+-------------------------------------------
     0 | D:1      | tidbits the Gnoll Transmuter began the quest for the Orb.
     0 | D:1      | Reached XP level 1. HP: 17/17 MP: 6/6
    31 | D:1      | Reached XP level 2. HP: 19/23 MP: 5/7
    36 | D:1      | Learned a level 2 spell: Sticks to Snakes
   282 | D:3      | Learned a level 1 spell: Confusing Touch
   326 | D:4      | Noticed a howler monkey
   342 | D:4      | Killed a howler monkey
   342 | D:4      | Reached skill level 5 in Spellcasting
   342 | D:4      | Reached skill level 1 in Invocations
   342 | D:4      | Reached XP level 3. HP: 28/28 MP: 2/9
   348 | D:4      | Noticed a scorpion
   349 | D:4      | Learned a level 3 spell: Spider Form
   355 | D:4      | Killed a scorpion
   355 | D:4      | Reached skill level 1 in Short Blades
   355 | D:4      | Reached skill level 1 in Long Blades
   355 | D:4      | Reached skill level 1 in Axes
   355 | D:4      | Reached skill level 1 in Maces & Flails
   355 | D:4      | Reached skill level 1 in Polearms
   355 | D:4      | Reached skill level 1 in Staves
   355 | D:4      | Reached skill level 1 in Slings
   355 | D:4      | Reached skill level 1 in Bows
   355 | D:4      | Reached skill level 1 in Crossbows
   355 | D:4      | Reached skill level 1 in Throwing
   355 | D:4      | Reached skill level 1 in Armour
   355 | D:4      | Reached skill level 1 in Stealth
   355 | D:4      | Reached skill level 1 in Shields
   355 | D:4      | Reached skill level 1 in Evocations
   355 | D:4      | Reached XP level 4. HP: 31/34 MP: 1/11
   380 | D:4      | Reached skill level 1 in Conjurations
   380 | D:4      | Reached skill level 1 in Hexes
   380 | D:4      | Reached skill level 1 in Charms
   380 | D:4      | Reached skill level 1 in Summonings
   380 | D:4      | Reached skill level 1 in Necromancy
   380 | D:4      | Reached skill level 1 in Translocations
   380 | D:4      | Reached skill level 1 in Fire Magic
   380 | D:4      | Reached skill level 1 in Ice Magic
   380 | D:4      | Reached skill level 1 in Air Magic
   380 | D:4      | Reached skill level 1 in Earth Magic
   380 | D:4      | Reached skill level 1 in Poison Magic
   381 | D:4      | HP: 3/34 [poisoned by a scorpion]
   405 | D:4      | You fall through a shaft for 3 floors!
   412 | D:7      | Noticed a black bear
   440 | D:7      | Learned a level 3 spell: Confuse
   443 | D:7      | Found a hide-covered altar of Uskayaw.
   445 | D:7      | Noticed a spriggan baker
   450 | D:7      | Slain by a spriggan baker

Skill      XL: |  1  2  3  4 |
---------------+-------------+-----
Spellcasting   | 5 |  5.1
Invocations    | 1 |  1.3
Short Blades   | 1 |  1.2
Long Blades    | 1 |  1.2
Axes           | 1 |  1.2
Maces & Flails | 1 |  1.2
Polearms       | 1 |  1.2
Staves         | 1 |  1.2
Slings         | 1 |  1.2
Bows           | 1 |  1.2
Crossbows      | 1 |  1.2
Throwing       | 1 |  1.2
Armour         | 1 |  1.2
Stealth        | 1 |  1.2
Shields        | 1 |  1.2
Evocations     | 1 |  1.2
Conjurations   | 1 |  1.0
Hexes          | 1 |  1.0
Charms         | 1 |  1.0
Summonings     | 1 |  1.0
Necromancy     | 1 |  1.0
Translocations | 1 |  1.0
Fire Magic     | 1 |  1.0
Ice Magic      | 1 |  1.0
Air Magic      | 1 |  1.0
Earth Magic    | 1 |  1.0
Poison Magic   | 1 |  1.0
Fighting       | |  2.8
Dodging        | |  4.7
Unarmed Combat | |  6.6
Transmutations | |  3.9

Action                   |  1- 3 |  4- 6 || total
-------------------------+-------+-------++-------
Melee: Unarmed           |    38 |    12 ||    50
       Bite              |     5 |     3 ||     8
       Headbutt          |     3 |     1 ||     4
       Punch             |     1 |       ||     1
 Cast: Beastly Appendage |     9 |     1 ||    10
       Sticks to Snakes  |     3 |     2 ||     5
       Spider Form       |       |     1 ||     1
  Use: Scroll            |       |     4 ||     4
 Stab: Sleeping          |     2 |       ||     2
       Distracted        |     1 |       ||     1
  Eat: Ration            |     1 |       ||     1
Armor: Robe              |     2 |       ||     2
Dodge: Dodged            |    18 |     6 ||    24

Table legend:
 A = Turns spent in this place as a percentage of turns spent in the entire game.
 B = Non-inter-level travel turns spent in this place as a percentage of non-inter-level travel turns spent in the entire game.
 C = Inter-level travel turns spent in this place as a percentage of turns spent in this place.
 D = Turns resting spent in this place as a percentage of non-inter-level travel turns spent in this place.
 E = Turns spent auto-exploring this place as a percentage of non-inter-level travel turns spent in this place.
 F = Non-inter-level travel turns spent in this place divided by the number of levels of this place that you've seen.
                   A       B       C       D       E      F
               +-------+-------+-------+-------+-------+----------------------
         Total | 100.0 | 100.0 |   0.0 |   0.0 |   0.0 |  90.0
       Dungeon | 100.0 | 100.0 |   0.0 |   0.0 |   0.0 |  90.0
               +-------+-------+-------+-------+-------+----------------------

Table legend:
 A = Kills in this place as a percentage of kills in entire the game.
 B = Kills by you in this place as a percentage of kills by you in the entire game.
 C = Kills by friends in this place as a percentage of kills by friends in the entire game.
 D = Other kills in this place as a percentage of other kills in the entire game.
 E = Experience gained in this place as a percentage of experience gained in the entire game.
 F = Experience gained in this place divided by the number of levels of this place that you have seen.
                   A       B       C       D       E      F
               +-------+-------+-------+-------+-------+----------------------
         Total | 100.0 | 100.0 | 100.0 |   N/A | 100.0 |  31.2
       Dungeon | 100.0 | 100.0 | 100.0 |   N/A | 100.0 |  31.2
               +-------+-------+-------+-------+-------+----------------------

Vault maps used:
D:1:      dpeg_arrival_court
D:2:      overflow_temple_1_default, serial_bayou_crossing
D:3:      first_ration, grunt_qazlal_clouds, uniq_crazy_yiuf_cottage
D:4:      led_sif_pool, small_statue_intersection, dk_yredelemnul_ordeal
D:7:      regret_index_temple_of_mockery, zin_purify,
          nicolae_overflow_hidden_temple, dancing_weapons_uskayaw, the_bakery
